 Dungeon Crawl Stone Soup version 0.31-a0-246-g8cbcc1cb85 (webtiles) character file.

Game seed: 5068582584359740445

151 LeprechaunX the Changeling (level 5, -1/36 HPs)
             Began as an Octopode Shapeshifter on July 12, 2023.
             Was an Initiate of Cheibriados.
             Splashed by a jelly's acid (10 damage)
             ... on level 4 of the Dungeon.
             The game lasted 00:05:25 (2890 turns).

LeprechaunX the Changeling (Octopode Shapeshifter)  Turns: 2890, Time: 00:05:26

Health: -1/36      AC: -11   Str: 15    XL:     5   Next: 33%
Magic:  5/5        EV: 13    Int: 11    God:    Cheibriados [......]
Gold:   147        SH:  0    Dex: 16    Spells: 4/4 levels left

rFire   . . .        n - +3 whip
rCold   . . .        (no shield)
rNeg    . . .        (helmet currently unavailable)
rPois   .            (no amulet)
rElec   .            k - ring of flight
rCorr   .            (no ring)
SInv    .            (no ring)
Will    .....        (no ring)
Stlth   ++           (no ring)
HPRegen 0.26/turn    (no ring)
MPRegen 0.09/turn    (no ring)
                     (no ring)

%: no passive effects
@: beast-form, corroded, flying, very slow
A: beast (slay +2), almost no armour, amphibious, 8 rings, camouflage 1,
gelatinous body 1, (nimble swimmer 1), tentacles
a: Renounce Religion


You were on level 4 of the Dungeon.
You worshipped Cheibriados.
Cheibriados was noncommittal.
You were a hulking beast.
You visited 1 branch of the dungeon, and saw 4 of its levels.

You collected 147 gold pieces.

Inventory:

Hand Weapons
 n - a +3 whip (weapon)
Missiles
 d - a throwing net
 f - 10 boomerangs (quivered)
Jewellery
 k - a ring of flight (left tentacle)
Talismans
 b - a beast talisman
Wands
 l - a wand of polymorph (10)
Scrolls
 c - a scroll of silence {unknown}
 i - a scroll of revelation {unknown}
 j - a scroll of enchant armour {unknown}
Potions
 a - a potion of lignification
 e - a potion of heal wounds {unknown}
 g - a potion of enlightenment {unknown}
 h - 2 potions of attraction {unknown}
 m - a potion of might {unknown}


   Skills:
 + Level 2.9 Fighting
 - Level 2.0 Dodging
 * Level 3.6 Unarmed Combat
 + Level 0.0 Invocations
 * Level 4.0 Shapeshifting


You had 4 spell levels left.
You didn't know any spells.
Your spell library contained the following spells:

 Spells                   Type           Power      Damage    Failure   Level
 Foxfire                  Conj/Fire      0%         2x1d4     34%         1
 Necrotise                Necr           0%         1d4       34%         1
 Inner Flame              Hex/Fire       0%         N/A       71%         3
 Vampiric Draining        Necr           0%         2d6       71%         3
 Agony                    Necr           0%         N/A       100%        5
 Yara's Violent Unravell  Hex/Tmut       0%         3d3       100%        5
 Plasma Beam              Fire/Air       0%         2x1d10    100%        6
 Starburst                Conj/Fire      0%         6d3       100%        6
 Enfeeble                 Hex            0%         N/A       100%        7


Dungeon Overview and Level Annotations

Branches:
Dungeon (4/15)
 Temple: D:4-7

Altars:
Cheibriados
Elyvilon
Xom

Annotations:
D:4 lunkers's ghost, amateur MeWn


Innate Abilities, Weirdness & Mutations

You are a hulking beast.
Your limbs bulge with bestial killing power. (Slay +2)
You cannot wear most types of armour.
You are amphibious.
You can wear up to eight rings at the same time.
Your skin changes colour to match your surroundings (Stealth+).
Your rubbery body absorbs attacks. (AC +1, EV +1)
((You are camouflaged when in or above water. (Stealth+)))
You have tentacles for arms and can constrict up to eight enemies at once.


Message History

You constrict the worm. The worm bites you.
You hit the worm.
The worm is severely wounded.
You constrict the worm. You whack the worm!
You kill the worm!
Your Shapeshifting skill increases to level 4!
No target in view!
No target in view!
HP restored.
You now have 141 gold pieces (gained 7).
Found a scale mail.
You now have 147 gold pieces (gained 6).
Lunkers's ghost turns its malevolent gaze towards you.
A kobold and a jelly come into view.
Found 14 gold pieces.
There are monsters nearby!
There are monsters nearby!
The kobold shouts!
The jelly quivers.
You hit the jelly. The acid corrodes you!
Your tentacles burn!
The jelly is lightly wounded.
The kobold throws a stone.
The stone barely misses you. The jelly hits you. The acid corrodes you!
You are splashed with acid!
You hit the jelly. The acid corrodes you!
Your tentacles burn!
You squeeze the jelly!
The jelly is almost dead.
The jelly barely misses you.
You hit the jelly but do no damage.
Your tentacles burn!
The jelly is almost dead.
The kobold throws a stone.
The stone hits you.
The jelly jiggles.
The jelly completely misses you.
You are too injured to fight recklessly!
You hit the jelly. The acid corrodes you!
Your tentacles burn!
The jelly is almost dead.
The jelly hits you.
* * * LOW HITPOINT WARNING * * *
You are splashed with acid!
You die...

####### #####..
........#.......
#####.
.................
...#..
#........#.......
.#.#.#
#........#.......
....>#
#........#.....##
.....#
#.......K.J.....#
..#..#
#...$....h#
#.#..#
#........##
.....# ######..#
#.##.# #.##
#.##.## #.# ##
..##..## #####.#
...# ...##..#
#.....##.Z...
.#.###.#
#......#.?ZY5
.#.# #.#
#......#..WZ.


You could see a jelly and a kobold.

Vanquished Creatures
  Ijyb (D:3)
  3 gnolls (D:3)
  An adder (D:3)
  3 worms
  5 dart slugs
  6 orcs
  5 bats
  5 endoplasms
  A giant cockroach (D:1)
  8 goblins
  A hobgoblin (D:1)
  2 jackals (D:1)
  2 quokkas
  8 ball pythons
  A frilled lizard (D:3)
  5 kobolds
  5 rats
62 creatures vanquished.

Vanquished Creatures (others)
  A gnoll (D:3)
  2 giant cockroaches (D:3)
  A goblin (D:3)
  A quokka (D:3)
  A ball python (D:3)
  A frilled lizard (D:3)
  2 kobolds (D:3)
9 creatures vanquished.

Grand Total: 71 creatures vanquished

Notes
Turn   | Place    | Note
-------+----------+-------------------------------------------
     0 | D:1      | LeprechaunX the Octopode Shapeshifter began the quest for
                  | the Orb.
     0 | D:1      | Reached XP level 1. HP: 14/14 MP: 1/1
   123 | D:1      | Reached XP level 2. HP: 19/19 MP: 2/2
   490 | D:1      | Found a faded altar of an unknown god.
   611 | D:1      | Reached XP level 3. HP: 24/24 MP: 3/3
  1823 | D:3      | Reached XP level 4. HP: 30/30 MP: 4/4
  1945 | D:3      | Found a shimmering altar of Xom.
  1946 | D:3      | Noticed Ijyb
  1960 | D:3      | Killed Ijyb
  2467 | D:3      | Reached XP level 5. HP: 35/36 MP: 5/5
  2545 | D:3      | Found a white marble altar of Elyvilon.
  2546 | D:3      | Found a snail-covered altar of Cheibriados.
  2754 | D:3      | Became a worshipper of Cheibriados the Contemplative
  2851 | D:4      | Reached skill level 4 in Shapeshifting
  2877 | D:4      | Noticed lunkers's ghost (amateur MeWn)
  2879 | D:4      | Noticed an ice beast
  2890 | D:4      | Splashed by a jelly's acid

Illustrated notes

Levels and vault maps discovered:
D:1:      dpeg_arrival_lava_altar, layout_basic,
          chequers_ecumenical_altar_twisty
D:2:      minmay_alternating_diamond, layout_basic, item_on_display_a
D:3:      layout_basic, xom_confusion_cloud, mainiacjoe_overflow_big_doors,
          minmay_misc_feat_tower, uniq_ijyb
D:4:      layout_basic, gammafunk_ghost_icy, bh_walls_and_bars, uniq_sigmund

Skill      XL: |  1  2  3  4  5 |
---------------+----------------+-----
Unarmed Combat | 3 |  3.6
Shapeshifting  | 4 |  4.0
Fighting       | |  2.9
Dodging        | |  2.0

Action                     |  1- 3 |  4- 6 || total
---------------------------+-------+-------++-------
  Melee: Unarmed           |     9 |       ||     9
         Constrict         |    23 |    11 ||    34
         Short sword       |    61 |    19 ||    80
         Tentacles         |    11 |     9 ||    20
         Punch             |     1 |     2 ||     3
         Whip              |       |    22 ||    22
  Throw: Boomerang         |       |     6 ||     6
   Stab: Sleeping          |     6 |     2 ||     8
 Armour: Skin              |     9 |    12 ||    21
  Dodge: Dodged            |    40 |    19 ||    59

Table legend: (Time is in decaauts)
 A = Elapsed time spent in this place.
 B = Non-inter-level travel time spent in this place.
 C = Inter-level travel time spent in this place.
 D = Time resting spent in this place.
 E = Time spent auto-exploring this place.
 F = Levels seen in this place.
 G = Mean time per level.
                   A        B        C        D        E       F      G
               +--------+--------+--------+--------+--------+-----+--------+
         Total |   2922 |   2532 |    390 |    207 |   1914 |   4 |  730.5 |
       Dungeon |   2922 |   2532 |    390 |    207 |   1914 |   4 |  730.5 |
               +--------+--------+--------+--------+--------+-----+--------+

Top non-repeatable levels by time:
     D:1: 1202 daAuts
     D:3: 1001 daAuts
     D:2: 600 daAuts
     D:4: 117 daAuts
